 Dungeon Crawl Stone Soup version 0.29.1-13-g9f3cf754e1 (webtiles) character file.

Game seed: 16321053351013362517

898 Disco the Magician (level 8, -8/50 HPs)
             Began as a Djinni Hedge Wizard on Feb 5, 2023.
             Mangled by an orc
             ... wielding a +6 great mace
              (24 damage)
             ... on level 4 of the Dungeon.
             The game lasted 00:07:10 (4450 turns).

Disco the Magician (Djinni Hedge Wizard)            Turns: 4450, Time: 00:07:10

Health: -8/50      AC:  4    Str:  9    XL:     8   Next: 28%
Gold:   254        EV: 12    Int: 18    God:
                   SH:  0    Dex: 13

rFire   + + .      SeeInvis .   a - +0 dagger
rCold   x . .      Faith    .   (no shield)
rNeg    . . .      Spirit   .   b - +0 robe
rPois   ∞          Reflect  .   l - +0 helmet
rElec   .          Harm     .   t - +0 cloak
rCorr   .          Rampage  .   (no gloves)
Will    .....                   (boots unavailable)
Stlth   ++........              p - amulet of regeneration
HPRegen 0.96/turn               (no ring)
MPRegen 0.00/turn               (no ring)

@: flying
A: sickness immunity, fire resistance 2, cold vulnerability 1, float, innate
caster, HP casting, extra vitality 1
a: no special abilities


You were on level 4 of the Dungeon.
You visited 1 branch of the dungeon, and saw 4 of its levels.

You collected 254 gold pieces.

Inventory:

Hand Weapons
 a - a +0 dagger (weapon)
Missiles
 k - a throwing net
Armour
 b - a +0 robe (worn)
 c - a +0 hat
 l - a +0 helmet (worn)
 t - a +0 cloak (worn)
Jewellery
 p - an amulet of regeneration (around neck)
Wands
 i - a wand of light (3)
Scrolls
 d - 3 scrolls of teleportation {unknown}
 h - 4 scrolls of identify {unknown}
 j - a scroll of enchant weapon {unknown}
 n - a scroll of acquirement {unknown}
 r - a scroll of enchant armour {unknown}
 s - a scroll of poison {unknown}
Potions
 e - a potion of heal wounds
 f - a potion of berserk rage {unknown}
 g - 2 potions of brilliance {unknown}
 m - 3 potions of degeneration {unknown}
 o - a potion of attraction {unknown}


   Skills:
 - Level 2.1 Dodging
 - Level 1.5 Stealth
 + Level 7.3 Spellcasting


You had 3 spell levels left.
You knew the following spells:

 Your Spells              Type           Power      Damage    Failure   Level
a - Magic Dart            Conj           100%       1d8       1%          1
b - Scorch                Fire           64%        2d8       1%          2
c - Mephitic Cloud        Conj/Pois/Air  32%        N/A       1%          3
d - Slow                  Hex            100%       N/A       1%          1
e - Conjure Flame         Conj/Fire      32%        6-21      1%          3
f - Call Imp              Summ           32%        N/A       1%          2
g - Frozen Ramparts       Ice            64%        1d10      1%          3
l - Blink                 Tloc           64%        N/A       1%          2
y - Summon Small Mammal   Summ           100%       N/A       1%          1
Your spell library was empty.

Dungeon Overview and Level Annotations

Branches:
Dungeon (4/15)
 Temple: D:4-7

Altars:
Ashenzari
Dithmenos
Xom
Zin

Annotations:
D:4 2 transporters, Voland's ghost, amateur TeAE


Innate Abilities, Weirdness & Mutations

You are immune to sickness and miasma.
You are immune to poison.
Your flesh is very heat resistant. (rF++)
You are vulnerable to cold. (rC-)
You float through the air rather than walking.
You learn spells naturally, not from books.
Your magical power is your life essence.
You have superior vitality. (+4 MHP)


Message History

The orc priest appears confused.
The orc is engulfed in noxious fumes.
The orc appears confused.
The orc barely misses you.
The orc hits itself with a +0 club.
Voland's ghost casts a spell at you. The zap hits you.
* * * LOW HITPOINT WARNING * * *
Casting: Mephitic Cloud (safe; 1% risk of failure)
Confirm with . or Enter, or press ? or * to list all spells.
You blink.
* * * LOW HITPOINT WARNING * * *
The orc is engulfed in noxious fumes.
Something hits the orc.
The orc is killed!
The orc priest is engulfed in noxious fumes.
The orc priest appears confused.
The orc priest barely misses the orc.
The orc wonders, "What am I doing in here?"
The orc priest is engulfed in noxious fumes.
The orc priest appears confused.
The orc gestures wildly.
You feel stable enough to blink again.
The orc gestures wildly.
The orc priest hits itself with a +0 flail.
Voland's ghost points at you and mumbles some strange words.
The zap hits you.
* * * LOW HITPOINT WARNING * * *
Voland's ghost says, "I'm really charged up about this fight."
Casting: Blink (safe; 1% risk of failure)
Confirm with . or Enter, or press ? or * to list all spells.
You blink.
You feel stable enough to blink again.
Casting: Blink (safe; 1% risk of failure)
Confirm with . or Enter, or press ? or * to list all spells.
You blink.
Voland's ghost hits you but does no damage.
Voland's ghost barely misses you.
You feel stable enough to blink again.
Voland's ghost points at you and mumbles some strange words.
The zap hits you!
* * * LOW HITPOINT WARNING * * *
The orc hits you with a +6 great mace!!
You die...

##................###########..#.
#................# #..##
#................#### #..##
#...##'####.........# #...#
#...##.########..)..# #.#.#
######..............# #.#.#
#......###.....#### #.#.#
#......###.o......# #.#.#
#<........@.......# #.#.#
#......####.......# #.#.#
#########....W....# #...)
#......########.###
#..................
#####.#.###########
#.#.#8~#.5.5.o5 #.#.#P.#≈≈≈≈≈≈≈
#...#$.#..~~~..


You could see Voland's ghost (swift) and an orc.

Vanquished Creatures
  Sigmund (D:4)
  3 ogres (D:4)
  A necrophage (D:4)
  3 orc priests (D:4)
  Crazy Yiuf (D:3)
  Natasha (D:3)
  2 orc wizards (D:3)
  Robin (D:3)
  11 adders
  2 worms
  4 dart slugs
  14 orcs
  9 ball pythons
  3 bats
  4 endoplasms
  3 giant cockroaches
  13 hobgoblins
  2 jackals (D:3)
  3 quokkas
  5 frilled lizards
  11 goblins
  5 kobolds
  3 rats
  A butterfly (D:4)
106 creatures vanquished.

Vanquished Creatures (others)
  4 fungi (D:3)
  21 plants (D:2)
25 creatures vanquished.

Grand Total: 131 creatures vanquished

Notes
Turn   | Place    | Note
-------+----------+-------------------------------------------
     0 | D:1      | Disco the Djinni Hedge Wizard began the quest for the Orb.
     0 | D:1      | Disco set off with the following spells memorised: Magic
                  | Dart, Blink, Call Imp, Slow, Conjure Flame, Mephitic Cloud.
     0 | D:1      | Reached XP level 1. HP: 15/15 MP: 0/0
   366 | D:1      | Reached XP level 2. HP: 15/21 MP: 0/0
   559 | D:1      | Reached skill level 3 in Spellcasting
  1119 | D:1      | Reached XP level 3. HP: 19/25 MP: 0/0
  1119 | D:1      | Learned a level 1 spell: Summon Small Mammal
  2019 | D:2      | Found a glowing silver altar of Zin.
  2092 | D:2      | Reached XP level 4. HP: 10/31 MP: 0/0
  2571 | D:2      | Reached skill level 4 in Spellcasting
  2971 | D:3      | Reached XP level 5. HP: 30/35 MP: 0/0
  2971 | D:3      | Learned a level 2 spell: Scorch
  3034 | D:3      | Found a broken altar of Ashenzari.
  3093 | D:3      | Noticed Robin
  3103 | D:3      | Killed Robin
  3186 | D:3      | Found a shadowy altar of Dithmenos.
  3267 | D:3      | Found a runed translucent door.
  3268 | D:3      | Noticed Crazy Yiuf
  3353 | D:3      | Noticed Natasha
  3366 | D:3      | Reached XP level 6. HP: 34/40 MP: 0/0
  3369 | D:3      | Killed Natasha
  3370 | D:3      | Reached skill level 5 in Spellcasting
  3559 | D:3      | Killed Crazy Yiuf
  3628 | D:4      | Noticed Sigmund
  3682 | D:4      | Killed Sigmund
  3683 | D:4      | Reached skill level 6 in Spellcasting
  3683 | D:4      | Reached XP level 7. HP: 30/45 MP: 0/0
  3683 | D:4      | Learned a level 3 spell: Frozen Ramparts
  3749 | D:4      | Found a shimmering altar of Xom.
  3861 | D:4      | Found a runed translucent gate.
  3861 | D:4      | Identified the +5 scale mail "Yhorrig" {Harm Drain rPois
                  | rN++}
  3862 | D:4      | Found a runed translucent gate.
  3862 | D:4      | Noticed Voland's ghost (amateur TeAE)
  3890 | D:4      | Found a runed translucent gate.
  3940 | D:4      | Found a transporter.
  4129 | D:4      | Reached XP level 8. HP: 44/50 MP: 0/0
  4140 | D:4      | Found a transporter.
  4227 | D:4      | Reached skill level 7 in Spellcasting
  4450 | D:4      | Mangled by an orc

Illustrated notes

Levels and vault maps discovered:
D:1:      ebering_trefoil_3fold, layout_rooms
D:2:      layout_loops_ring, serial_bayou, serial_bayou_lagoon_a,
          serial_bayou_ford_a, serial_bayou_pond_e, serial_bayou_pond_d,
          basic_altar
D:3:      layout_rooms, lemuel_doored_altar, mainiacjoe_overflow_tiny_flanked,
          guppyfry_early_orc_mine, uniq_crazy_yiuf_cottage, uniq_natasha,
          uniq_robin
D:4:      gammafunk_wand_slinger, layout_basic, xom_butterflies,
          biasface_ghost_orc_armoury, uniq_sigmund

Skill      XL: |  1  2  3  4  5  6  7  8 |
---------------+-------------------------+-----
Spellcasting   | 3 4 6 7 |  7.3
Dodging        | |  2.1
Stealth        | |  1.5

Action                   |  1- 3 |  4- 6 |  7- 9 || total
-------------------------+-------+-------+-------++-------
Melee: Dagger            |     2 |       |       ||     2
 Cast: Magic Dart        |   102 |   107 |    45 ||   254
       Mephitic Cloud    |     1 |     8 |     6 ||    15
       Blink             |     1 |       |     3 ||     4
       Scorch            |       |    36 |    19 ||    55
       Summon Small Mamm |       |     3 |       ||     3
  Use: Potion            |       |     1 |       ||     1
Armor: Robe              |     2 |    10 |     3 ||    15
Dodge: Dodged            |    11 |    29 |    14 ||    54
